 Dungeon Crawl Stone Soup version 0.17.0-56-gd8de76c (webtiles) character file.

23433 HandofTrog the Bludgeoner (level 12, -4/115 HPs)
             Began as a Troll Berserker on Dec 5, 2015.
             Was the Champion of Trog.
             Slain by a blink frog (6 damage)
             ... on level 3 of the Lair of Beasts.
             The game lasted 01:03:29 (13682 turns).

HandofTrog the Bludgeoner (Troll Berserker)        Turns: 13682, Time: 01:03:29

Health: -4/115     AC:  8    Str: 28    XL:     12   Next: 71%
Magic:  11/11      EV: 12    Int:  5    God:    Trog [******]
Gold:   671        SH:  0    Dex: 11    Spells: 0 memorised, 11 levels left

rFire  + . .     SeeInvis +     W - +4 giant spiked club "Ralodwavuc" {venom, rF+ MR+}
rCold  . . .     Clarity  .     Z - +2 robe {rN+}
rNeg   + . .     SustAt   .     (shield currently unavailable)
rPois  .         Gourm    +     O - +0 hat
rElec  .         Spirit   .     Q - +0 cloak
rCorr  .         Warding  .     (gloves unavailable)
rMut   .         Stasis   .     (boots unavailable)
MR     ++...                    K - amulet of faith
Stlth  +.........               r - ring of see invisible
                                p - ring of protection from magic

@: exhausted, slowed, invisible, very slow, very resistant to hostile
enchantments, very unstealthy
A: unfitting armour, claws 3, fast metabolism 3, gourmand, regeneration 2,
shaggy fur 1, tough skin 2
a: Berserk, Trog's Hand, Brothers in Arms, Burn Spellbooks, Renounce Religion


You were on level 3 of the Lair of Beasts.
You worshipped Trog.
Trog was exalted by your worship.
You were not hungry.

You visited 2 branches of the dungeon, and saw 14 of its levels.
You visited the Abyss 1 time.

You collected 749 gold pieces.
You spent 78 gold pieces at shops.

Inventory:

Hand Weapons
 o - a +2 antimagic demon whip
 y - the +1 flail of Disharmony {antimagic, +Inv rN+ MR+}
   (You found it on level 1 of the Lair of Beasts)

   It disrupts the flow of magical energy around spellcasters and certain
   magical creatures (including the wielder).
   It protects you from negative energy.
   It affects your resistance to hostile enchantments.
   It lets you turn invisible.
 L - a +7 giant club
 W - the +4 giant spiked club "Ralodwavuc" (weapon) {venom, rF+ MR+}
   (Trog gifted it to you on level 1 of the Lair of Beasts)

   It poisons the flesh of those it strikes.
   It protects you from fire.
   It affects your resistance to hostile enchantments.
Missiles
 q - 4 tomahawks
 v - a throwing net
 T - 5 poisoned javelins (quivered)
Armour
 O - a +0 hat (worn)
 Q - a +0 cloak (worn)
 Z - a +2 robe of positive energy (worn)
Jewellery
 k - an uncursed ring of ice
 p - a ring of protection from magic (left claw)
 r - a ring of see invisible (right claw)
 K - an amulet of faith (around neck)
 X - an uncursed ring of protection from magic
Wands
 h - a wand of draining (7)
 n - a wand of heal wounds (9)
Scrolls
 f - 6 scrolls of remove curse
 g - 3 scrolls of enchant weapon
 j - 6 scrolls of teleportation
 l - a scroll of fear
 m - a scroll of blinking
 C - 4 scrolls of enchant armour
 J - 2 scrolls of fog
 S - 2 scrolls of identify
Potions
 b - 2 potions of mutation {unknown}
 e - a potion of might
 w - a potion of cancellation
 x - a potion of berserk rage
 A - 2 potions of magic
 B - 4 potions of curing
 F - 3 potions of brilliance
 H - 2 potions of cure mutation
 I - a potion of ambrosia
 N - a potion of poison {unknown}
 V - a potion of agility {unknown}
Books
 a - a Grand Grimoire

   Spells                             Type                      Level
   a - Monstrous Menagerie            Summoning                    6
   b - Summon Greater Demon           Summoning                    7
   c - Malign Gateway                 Summoning/Translocation      7
   d - Summon Horrible Things         Summoning                    8
   Trog disapproves of the use of such an item.
 D - a book of Necromancy

   Spells                             Type                      Level
   a - Pain                           Necromancy                   1
   b - Animate Skeleton               Necromancy                   1
   c - Vampiric Draining              Necromancy                   3
   d - Regeneration                   Charms/Necromancy            3
   e - Animate Dead                   Necromancy                   4
   f - Control Undead                 Necromancy                   4
   Trog disapproves of the use of such an item.
 Y - a Young Poisoner's Handbook

   Spells                             Type                      Level
   a - Sting                          Conjuration/Poison           1
   b - Cure Poison                    Poison                       2
   c - Mephitic Cloud                 Conjuration/Poison/Air       3
   d - Olgreb's Toxic Radiance        Poison                       4
   e - Venom Bolt                     Conjuration/Poison           5
   Trog disapproves of the use of such an item.
Miscellaneous
 E - a box of beasts
Comestibles
 c - 11 bread rations
 d - 10 meat rations
 M - a royal jelly


   Skills:
 - Level 6.9 Fighting
 + Level 16.3 Maces & Flails
 - Level 7.0 Dodging


You had 11 spell levels left.
You didn't know any spells.

Dungeon Overview and Level Annotations

Branches:
Dungeon (11/15)            Temple (0/1) D:4            Lair (3/8) D:11
    Orc (0/4) D:11
  Swamp: Lair:3-6    Shoals: Lair:3-6     Snake: Lair:3-6    Spider: Lair:3-6

Altars:
Dithmenos
Fedhas
Gozag
Kikubaaqudgha
Makhleb
Okawaru
Qazlal
Yredelemnul
Zin

Shops:
D:7 (   D:8 ?


Innate Abilities, Weirdness & Mutations

You are too large for most types of armour.
You have claws for hands.
Your metabolism is lightning-fast.
You like to eat raw meat.
You heal very quickly.
You are covered in fur (AC +1).
You have very tough skin (AC +2).


Message History

The river rat bites you.
* * * LOW HITPOINT WARNING * * *
The river rat completely misses you. The river rat misses you.
You beat the river rat like a drum!!!
You kill the river rat!
Trog accepts your kill.
You are no longer berserk.
You are exhausted.
You feel yourself slow down.
The river rat bites you but does no damage.
Drink which item? (? for menu, Esc to quit)
You fade into invisibility!
The river rat misses you. The blink frog hits you!
* * * LOW HITPOINT WARNING * * *
The blink frog blinks!
The river rat bites you but does no damage.
The river rat misses you. The river rat bites you.
* * * LOW HITPOINT WARNING * * *
The river rat closely misses you. The blink frog hits you.
You die...

................. .....
#.#............. .....
##......#....... ....#
#....r..#....... ....#
##....#.........
....######P...###......P.
....##.#....†.##††......#
.....#.........rrr....###
...............F@r..###
.........#..........#
......##..##.......##
...########........# ...#
#.........## ...## ##....#....#
#...## #.....#...###.. .....##
###...#...........
......###.......#...............


You could see a blink frog and 4 river rats.

Vanquished Creatures
  Gastronok (Lair:2)
  Erolcha (D:8)
  Sonja (Lair:2)
  A shadow wraith (Abyss:1)
  An unseen horror (D:11)
  Pikel (D:7)
  3 hill giants
  An ugly thing (D:10)
  A black mamba (Lair:2)
  Joseph (D:7)
  A centaur zombie (D:10)
  Psyche (D:9)
  2 spiny frogs
  A gargoyle (D:10)
  4 komodo dragons
  A queen bee (D:8)
  A two-headed ogre (D:9)
  Prince Ribbit (D:7)
  3 trolls
  8 blink frogs
  3 deep elf magi
  A spriggan (D:7)
  A hungry ghost (D:11)
  10 yaks
  7 hippogriffs
  3 wargs (D:11)
  Edmund (D:4)
  7 water moccasins
  8 swamp worms (Lair:1)
  3 porcupines
  Duvessa (D:4)
  7 orc warriors
  A necrophage (D:8)
  An eye of draining (D:10)
  5 ogres
  7 centaurs
  The ghost of Denapoli the Cudgeler, an amateur GrBe of Trog (D:3)
  4 crocodiles
  4 big kobolds
  12 giant frogs
  A water moccasin zombie (D:8)
  3 scorpions
  Dowan (D:4)
  A wyvern skeleton (D:11)
  3 wights (D:11)
  12 killer bees
  A gnoll shaman (D:9)
  5 crimson imps
  A giant frog zombie (D:5)
  2 jellies (D:7)
  Crazy Yiuf (D:7)
  7 orc priests
  3 giant frog skeletons
  3 centaur skeletons
  7 iguanas
  9 worker ants
  5 hounds
  14 orc wizards
  Natasha (thrice) (D:4)
  8 sheep (Lair:2)
  A hound skeleton (D:11)
  Robin (D:2)
  6 adders
  16 river rats
  12 gnolls
  2 shadow imps
  12 white imps (D:11)
  2 oozes
  2 adder skeletons
  13 worms
  5 giant geckos
  50 orcs
  A bat zombie (D:9)
  4 giant cockroaches
  6 goblins
  8 hobgoblins
  11 jackals
  30 kobolds
  4 quokkas
  2 ball pythons
  5 bats
  A giant cockroach zombie (D:5)
  A giant newt (D:1)
  2 quokka skeletons
  3 rats
  2 plants (Lair:1)
414 creatures vanquished.

Vanquished Creatures (others)
  A hungry ghost (D:7)
  A slave (D:7)
  A crimson imp (D:7)
  An orc wizard (D:8)
  An orc (D:7)
  A quokka (D:7)
  A fungus (Lair:2)
  2 plants
9 creatures vanquished.

Grand Total: 423 creatures vanquished

Notes
Turn   | Place    | Note
--------------------------------------------------------------
     0 | D:1      | HandofTrog the Troll Berserker began the quest for the Orb.
     0 | D:1      | Reached XP level 1. HP: 22/22 MP: 0/0
   458 | D:1      | Reached skill level 3 in Maces & Flails
   458 | D:1      | Reached XP level 2. HP: 22/29 MP: 1/1
   969 | D:2      | Reached ** piety under Trog
   969 | D:2      | Reached XP level 3. HP: 36/36 MP: 2/2
  1106 | D:2      | Noticed Robin
  1120 | D:2      | Killed Robin
  1706 | D:3      | Reached XP level 4. HP: 34/44 MP: 3/3
  1770 | D:3      | Noticed Denapoli's ghost (amateur GrBe)
  1784 | D:3      | Killed Denapoli's ghost
  1784 | D:3      | Reached skill level 4 in Maces & Flails
  1784 | D:3      | Reached XP level 5. HP: 53/53 MP: 4/4
  2541 | D:3      | Reached XP level 6. HP: 55/61 MP: 5/5
  2759 | D:4      | Noticed Natasha
  2770 | D:4      | Killed Natasha
  2771 | D:4      | Reached skill level 5 in Maces & Flails
  2871 | D:4      | Noticed Natasha
  2878 | D:4      | Killed Natasha
  2934 | D:4      | Found a shadowy altar of Dithmenos.
  2941 | D:4      | Reached *** piety under Trog
  2958 | D:4      | Noticed Natasha
  2963 | D:4      | Killed Natasha
  3127 | D:4      | Found a staircase to the Ecumenical Temple.
  3179 | D:4      | Noticed Dowan
  3200 | D:4      | Killed Dowan
  3200 | D:4      | Reached XP level 7. HP: 57/68 MP: 6/6
  3229 | D:4      | Noticed Duvessa
  3232 | D:4      | Found an opulent altar of Gozag.
  3236 | D:4      | Noticed Edmund
  3252 | D:4      | Killed Duvessa
  3267 | D:4      | Killed Edmund
  3267 | D:4      | Reached skill level 6 in Maces & Flails
  3695 | D:5      | Entered Level 5 of the Dungeon
  3984 | D:5      | Reached XP level 8. HP: 63/79 MP: 7/7
  4224 | D:5      | Found a burning altar of Makhleb.
  4253 | D:5      | Found a blossoming altar of Fedhas.
  4300 | D:5      | Reached skill level 7 in Maces & Flails
  4526 | D:6      | Found a burning altar of Makhleb.
  4898 | D:6      | Reached **** piety under Trog
  4898 | D:6      | Received a gift from Trog
  4907 | D:6      | Reached skill level 5 in Fighting
  5091 | D:7      | Reached skill level 5 in Dodging
  5205 | D:7      | Found Ziaxegh's Weapon Boutique.
  5255 | D:7      | Noticed Joseph
  5276 | D:7      | Killed Joseph
  5276 | D:7      | Reached skill level 8 in Maces & Flails
  5276 | D:7      | Reached XP level 9. HP: 39/88 MP: 8/8
  5607 | D:7      | Noticed Pikel
  5621 | D:7      | Killed Pikel
  5626 | D:7      | Reached skill level 9 in Maces & Flails
  5748 | D:7      | Noticed Prince Ribbit
  5792 | D:7      | Killed Prince Ribbit
  5936 | D:7      | Noticed Crazy Yiuf
  5943 | D:7      | Killed Crazy Yiuf
  6521 | D:8      | Reached XP level 10. HP: 94/100 MP: 9/9
  6550 | D:8      | Found a shadowy altar of Dithmenos.
  6727 | D:8      | Found Awnet's Magic Scroll Shoppe.
  6736 | D:8      | Bought a scroll of identify for 26 gold pieces
  6736 | D:8      | Bought a scroll of identify for 26 gold pieces
  6736 | D:8      | Bought a scroll of identify for 26 gold pieces
  6753 | D:8      | Noticed Erolcha
  6763 | D:8      | Killed Erolcha
  6763 | D:8      | Reached skill level 10 in Maces & Flails
  6798 | D:8      | Reached ***** piety under Trog
  7360 | D:9      | Reached skill level 11 in Maces & Flails
  7385 | D:9      | Noticed Psyche
  7518 | D:9      | Found an iron altar of Okawaru.
  7541 | D:9      | Found a basalt altar of Yredelemnul.
  7549 | D:9      | Found a glowing silver altar of Zin.
  7555 | D:9      | Found a stormy altar of Qazlal.
  7799 | D:9      | Cast into the Abyss (Psyche)
  7800 | Abyss:1  | Noticed a shadow wraith
  7800 | Abyss:1  | Found a corrupted altar of Lugonu.
  7808 | Abyss:1  | Killed a shadow wraith
  7819 | D:9      | Escaped the Abyss
  7825 | D:9      | Killed Psyche
  8332 | D:9      | Reached skill level 12 in Maces & Flails
  8388 | D:9      | Reached XP level 11. HP: 107/107 MP: 10/10
  8462 | D:9      | Found an ancient bone altar of Kikubaaqudgha.
  8627 | D:10     | Entered Level 10 of the Dungeon
  8738 | D:10     | Noticed a hill giant
  8741 | D:10     | Killed a hill giant
  8773 | D:10     | Received a gift from Trog
  9204 | D:10     | Noticed a hill giant
  9212 | D:10     | Killed a hill giant
  9399 | D:11     | Reached skill level 13 in Maces & Flails
  9944 | D:11     | Noticed a hill giant
  9954 | D:11     | Killed a hill giant
  9960 | D:11     | Found a staircase to the Lair.
 10016 | D:11     | Found a staircase to the Orcish Mines.
 10082 | D:11     | Reached skill level 14 in Maces & Flails
 10088 | D:11     | Received a gift from Trog
 10185 | D:11     | Noticed an unseen horror
 10203 | D:11     | Killed an unseen horror
 10770 | Lair:1   | Entered Level 1 of the Lair of Beasts
 10942 | Lair:1   | Got a crude flail
 10959 | Lair:1   | Identified the cursed +1 flail of Disharmony {antimagic, +Inv rN+ MR+} (You found it on level 1 of the Lair of Beasts)
 11163 | Lair:1   | Reached ****** piety under Trog
 11168 | Lair:1   | Received a gift from Trog
 11533 | Lair:1   | Reached XP level 12. HP: 67/115 MP: 11/11
 11966 | Lair:1   | Reached skill level 15 in Maces & Flails
 12343 | Lair:1   | Received a gift from Trog
 12344 | Lair:1   | Got a pitted giant spiked club {god gift}
 12345 | Lair:1   | Identified the +4 giant spiked club "Ralodwavuc" {venom, rF+ MR+} (Trog gifted it to you on level 1 of the Lair of Beasts)
 12640 | Lair:2   | Noticed Gastronok
 12654 | Lair:2   | Killed Gastronok
 13042 | Lair:2   | Noticed Sonja
 13054 | Lair:2   | Killed Sonja
 13065 | Lair:2   | HP: 1/115 [yak (17)]
 13086 | Lair:2   | Reached skill level 16 in Maces & Flails
 13682 | Lair:3   | HP: 2/115 [river rat (5)]
 13682 | Lair:3   | Slain by a blink frog

Action                   |  1- 3 |  4- 6 |  7- 9 | 10-12 || total
-------------------------+-------+-------+-------+-------++-------
Melee: Mace              |   135 |    85 |       |       ||   220
       Whip              |       |   105 |    32 |       ||   137
       Flail             |       |       |   259 |    26 ||   285
       Giant club        |       |       |       |   485 ||   485
       Giant spiked club |       |       |       |    85 ||    85
Throw: Javelin           |       |       |     9 |    30 ||    39
       Throwing net      |       |       |     1 |       ||     1
       Tomahawk          |       |       |       |     8 ||     8
Invok: Berserk           |       |     4 |     2 |     6 ||    12
       Trog's Hand       |       |       |     3 |     3 ||     6
Evoke: Wand              |       |     4 |       |     1 ||     5
  Use: Scroll            |     2 |     1 |     7 |    17 ||    27
       Potion            |       |       |       |     9 ||     9
 Stab: Sleeping          |       |       |     1 |       ||     1
  Eat: Chunk             |    18 |    19 |    32 |    63 ||   132
       Bread ration      |       |       |       |     3 ||     3
